 Dungeon Crawl Stone Soup version 0.30-a0-883-g5ad918d77d (webtiles) character file.

Game seed: 13624047733749318226

8443 jasper the Spear-Bearer (level 11, -22/66 HPs)
             Began as a Tengu Reaver on Mar 16, 2023.
             Was a Priest of Kikubaaqudgha.
             Annihilated by Erolcha
             ... wielding a +0 giant spiked club
              (32 damage)
             ... on level 10 of the Dungeon.
             The game lasted 00:29:07 (12864 turns).

jasper the Spear-Bearer (Tengu Reaver)             Turns: 12864, Time: 00:29:08

Health: -22/66     AC: 17    Str: 13    XL:     11   Next: 31%
Magic:  15/15      EV:  9    Int: 18    God:    Kikubaaqudgha [***...]
Gold:   598        SH: 13    Dex: 12    Spells: 5/14 levels left

rFire   + + +      SeeInvis .    A - +3 Elemental Staff {rElec rF++ rC++ AC+5}
rCold   + + +      Faith    .    F - +0 kite shield
rNeg    . . .      Spirit   .    m - +0 scale mail
rPois   .          Reflect  +    (helmet restricted)
rElec   +          Rampage  .    p - scarf {rC+ rF+}
rCorr   .                        d - +0 pair of gloves
Will    .....                    (boots unavailable) Stlth
                                 e - amulet of reflection
HPRegen 0.31/turn                g - ring of protection from fire
MPRegen 0.14/turn                y - +4 ring of protection

@: about to teleport, flying quickly and evasively, quick
A: beak, talons 3, nimble flight
a: Renounce Religion, Unearth Wretches


You were on level 10 of the Dungeon.
You worshipped Kikubaaqudgha.
Kikubaaqudgha was most pleased with you.
You visited 3 branches of the dungeon, and saw 12 of its levels.

You collected 598 gold pieces.

Inventory:

Hand Weapons
 a - a +0 spear
 j - a +0 scythe
 l - a +0 trident
 u - a +0 halberd
 A - the +3 Elemental Staff (weapon) {rElec rF++ rC++ AC+5}
   (You took it off a deep elf pyromancer on level 10 of the Dungeon)

   It enhances your fire, ice, earth and air magic.
   AC:        It affects your AC (+5).
   rF:        It greatly protects you from fire.
   rC:        It greatly protects you from cold.
   rElec:     It insulates you from electricity.
Missiles
 q - 36 stones (quivered)
 v - 24 poisoned darts
 w - 5 javelins
 D - 3 boomerangs
Armour
 b - a +0 leather armour
 d - a +0 pair of gloves (worn)
 m - a +0 scale mail (worn)
 p - a scarf of resistance (worn)
 F - a +0 kite shield (worn)
Magical Staves
 k - a staff of fire
Jewellery
 e - an amulet of reflection (around neck)
 g - a ring of protection from fire (left hand)
 n - a ring of protection from fire
 o - a ring of protection from cold
 x - a ring of wizardry
 y - a +4 ring of protection (right hand)
Wands
 B - a wand of flame (12)
Scrolls
 c - 4 scrolls of immolation
 f - a scroll of teleportation
 h - 4 scrolls of magic mapping
 C - a scroll of identify
Potions
 i - 2 potions of mutation
 s - 2 potions of curing
 t - a potion of heal wounds
 z - a potion of brilliance {unknown}


   Skills:
 + Level 6.6 Fighting
 - Level 14.0(14.8) Polearms
 - Level 8.0(12.0) Staves
 - Level 5.1 Armour
 + Level 2.7 Dodging
 * Level 2.7 Shields
 - Level 2.0 Spellcasting
 - Level 4.0 Conjurations
 - Level 3.0 Necromancy
 + Level 1.1 Evocations


You had 5 spell levels left.
You knew the following spells:

 Your Spells              Type           Power      Damage    Failure   Level
a - Kiss of Death         Conj/Necr      56%        2d9       50%         1
b - Momentum Strike       Conj/Tloc      18%        3d8       85%         2
c - Swiftness             Air            2%         N/A       100%        3
d - Vampiric Draining     Necr           12%        2d6       90%         3

Your spell library contained the following spells:

 Spells                   Type           Power      Damage    Failure   Level
 Necrotise                Necr           48%        1d6       56%         1
 Shock                    Conj/Air       52%        1d6       71%         1
 Sublimation of Blood     Necr           12%        N/A       71%         2
 Beastly Appendage        Tmut           2%         N/A       94%         1
 Sandblast                Erth           4%         2d4       94%         1
 Hailstorm                Conj/Ice       13%        3d5       97%         3
 Stone Arrow              Conj/Erth      26%        3d8       97%         3
 Passwall                 Tmut/Erth      1%         N/A       98%         2
 Wereblood                Tmut           1%         N/A       98%         2
 Kindle Blastsparks       Fire/Tloc/Air  8%         2d10      100%        3
 Ozocubu's Armour         Ice            2%         N/A       100%        3
 Spider Form              Tmut/Pois      1%         N/A       100%        3
 Airstrike                Air            1%         2d(1-17)  100%        4
 Anguish                  Hex/Necr       3%         N/A       100%        4
 Fulminant Prism          Conj/Hex       4%         3d5       100%        4
 Iskenderun's Mystic Bla  Conj/Tloc      9%         2d4       100%        4
 Agony                    Necr           12%        N/A       100%        5
 Lee's Rapid Deconstruct  Erth           1%         3d4*      100%        5
 Death Channel            Necr           6%         N/A       100%        6
 Simulacrum               Ice/Necr       5%         N/A       100%        6
 Ozocubu's Refrigeration  Ice            1%         4d7       100%        7
 Borgnjor's Revivificati  Necr           6%         N/A       100%        8
 Necromutation            Tmut/Necr      3%         N/A       100%        8
 Death's Door             Necr           6%         N/A       100%        9


Dungeon Overview and Level Annotations

Branches:
Dungeon (10/15)            Temple (1/1) D:4            Lair (1/5) D:10
    Orc: D:9-12

Altars:
Elyvilon
Fedhas
Kikubaaqudgha
Okawaru
Qazlal
Uskayaw
The Shining One

Shops:
D:8 *

Annotations:
D:2 1 runed translucent door, Crazy Yiuf
D:8 1 runed translucent door, zenocrate's ghost, novice OpTm
D:9 Psyche
D:10 Erolcha


Innate Abilities, Weirdness & Mutations

You have a beak for a mouth.
You have claws for feet.
Your magical nature lets you fly swiftly and evasively.


Message History

There is a broken door here.
There is an open door here.
There is an open door here.
You see here a +0 mace.
C - a scroll of identify
There is an open door here.
s - 2 potions of curing (gained 1)
r - a wand of polymorph (2) (gained 1 charge)
There is an open door, spattered with blood here.
Erolcha the Cunning comes into view.
She is wielding a +0 giant spiked club.
Erolcha shouts!
Erolcha drinks a potion.
Erolcha seems to grow stronger.
There is an open door here.
Okay, then.
Aiming: Polymorph
Press: ? - help, Shift-Dir - straight line, f - Erolcha
Aim: Erolcha, wielding a +0 giant spiked club and wearing a +0 robe (strong, will become a basilisk, a centaur, or a worm, chance to affect: 19%) Erolcha resists with almost no effort.
Erolcha gestures wildly while chanting.
Erolcha flickers and vanishes!
Deactivating autopickup; reactivate with Ctrl-A.
Aiming: Polymorph
Press: ? - help, Shift-Dir - straight line Nothing appears to happen.
The now-empty wand crumbles to dust.
There is an open door, spattered with blood here.
You hit something but do no damage. You block something's attack.
You closely miss something. Your kick misses something. You peck something.
You hit something. Your peck misses something. Something hits you!!
You take 26 damage, and have 40/66 hp.
MASSIVE DAMAGE!!
You hit something. Your peck misses something. You hit something.
Something hits you.
You hit something. You closely miss something. You claw something.
You peck something. Something hits you!!
* * * LOW HITPOINT WARNING * * *
You take 30 damage, and have 10/66 hp.
MASSIVE DAMAGE!!
As you read the scroll of teleportation, it crumbles to dust.
You feel strangely unstable. Something hits you!!
You die...
Kikubaaqudgha rasps: "You have failed me!
Welcome... death!"

######### # #.......# #
####### #.......# #
.......####.......# #
.......#.{@.......# ###
.......#.##.......# ##..
.......'.##.......# ##..#
.......####.......#####..##
....... #.......'.....#..
####### #.......#######.#
###'##### #.# #...## #)#
###..# ##.


There were no monsters in sight!

Vanquished Creatures
  Pikel (D:8)
  A deep elf pyromancer (D:10)
  2 gargoyles (D:10)
  A cane toad (Lair:1)
  A komodo dragon (Lair:1)
  2 rime drakes
  Sigmund (D:4)
  3 wyverns
  A fire elemental (D:10)
  8 yaks
  A steam dragon (D:10)
  2 wargs (D:10)
  Duvessa (D:6)
  An ice beast (D:5)
  A water moccasin (D:6)
  2 orc warriors
  2 black bears
  An ogre (D:5)
  A boggart (D:4)
  2 centaurs
  5 wolves (D:10)
  2 phantoms
  A lemure (D:8)
  3 kobold brigands
  2 bullfrogs
  A gnoll sergeant (D:9)
  3 scorpions
  5 wights (D:8)
  Dowan (D:6)
  5 killer bees (D:8)
  4 howler monkeys
  3 hounds
  3 orc priests
  A gnoll bouda (D:8)
  A sleepcap (D:5)
  2 iguanas
  13 orc wizards
  10 adders
  8 gnolls
  2 ufetubi
  3 worms
  3 dart slugs
  27 orcs
  7 endoplasms
  2 giant cockroaches
  5 goblins
  7 hobgoblins
  2 jackals (D:3)
  4 quokkas
  7 ball pythons
  4 bats
  4 frilled lizards
  17 kobolds
  5 rats
  A spectral kobold (D:3)
208 creatures vanquished.

Vanquished Creatures (others)
  A fungus (Lair:1)
  A plant (D:10)
2 creatures vanquished.

Grand Total: 210 creatures vanquished

Notes
Turn   | Place    | Note
-------+----------+-------------------------------------------
     0 | D:1      | jasper the Tengu Reaver began the quest for the Orb.
     0 | D:1      | Reached XP level 1. HP: 12/12 MP: 4/4
   190 | D:1      | Reached XP level 2. HP: 14/14 MP: 6/6
   193 | D:1      | Learned a level 2 spell: Momentum Strike
   249 | D:1      | Reached skill level 4 in Polearms
   773 | D:2      | Reached XP level 3. HP: 10/19 MP: 5/7
   830 | D:2      | Learned a level 3 spell: Swiftness
   951 | D:2      | Reached skill level 5 in Polearms
   996 | D:2      | Found a runed translucent door.
   997 | D:2      | Noticed Crazy Yiuf
  1103 | D:2      | Reached XP level 4. HP: 9/20 MP: 6/8
  2141 | D:3      | Found a faded altar of an unknown god.
  2840 | D:4      | Reached skill level 6 in Polearms
  2888 | D:4      | Gained mutation: Your magical nature lets you fly swiftly
                  | and evasively. [Tengu growth]
  2888 | D:4      | Reached XP level 5. HP: 22/25 MP: 9/9
  2961 | D:4      | Found a stormy altar of Qazlal.
  2987 | D:4      | Found an iron altar of Okawaru.
  3182 | D:4      | Found a staircase to the Ecumenical Temple.
  3207 | D:4      | Noticed a phantom
  3227 | Temple   | Entered the Ecumenical Temple
  3372 | Temple   | Became a worshipper of Kikubaaqudgha
  3409 | D:4      | Killed a phantom
  3410 | D:4      | Reached skill level 7 in Polearms
  3410 | D:4      | Reached XP level 6. HP: 23/35 MP: 10/10
  3730 | D:4      | Noticed Sigmund
  3745 | D:4      | Killed Sigmund
  3746 | D:4      | Reached skill level 8 in Polearms
  3746 | D:4      | Reached XP level 7. HP: 23/40 MP: 11/11
  4127 | D:4      | Noticed Edmund
  4137 | D:5      | Entered Level 5 of the Dungeon
  4500 | D:5      | Reached skill level 9 in Polearms
  4599 | D:5      | Reached * piety under Kikubaaqudgha
  4599 | D:5      | Received a gift from Kikubaaqudgha
  4806 | D:5      | Reached skill level 10 in Polearms
  4806 | D:5      | Reached XP level 8. HP: 28/44 MP: 12/12
  5420 | D:6      | Noticed Duvessa
  5420 | D:6      | Noticed Dowan
  5465 | D:6      | Killed Duvessa
  5466 | D:6      | Reached skill level 11 in Polearms
  5481 | D:6      | Killed Dowan
  5482 | D:6      | Reached skill level 1 in Armour
  6001 | D:6      | Learned a level 3 spell: Vampiric Draining
  6949 | D:7      | Reached XP level 9. HP: 50/51 MP: 13/13
  7200 | D:7      | Reached skill level 12 in Polearms
  7488 | D:8      | Reached skill level 13 in Polearms
  8070 | D:8      | Found a runed translucent door.
  8070 | D:8      | Noticed zenocrate's ghost (novice OpTm)
  8155 | D:8      | Reached ** piety under Kikubaaqudgha
  8228 | D:8      | Found Jaif's Overcharged Wands.
  8244 | D:8      | Noticed Pikel
  8287 | D:8      | Killed Pikel
  8288 | D:8      | Reached skill level 14 in Polearms
  8288 | D:8      | Reached skill level 1 in Necromancy
  8288 | D:8      | Reached XP level 10. HP: 24/58 MP: 14/14
  8944 | D:8      | Reached skill level 5 in Fighting
  9229 | D:9      | Noticed Psyche
  9467 | D:4      | Edmund changed into Edmund the boggart
  9467 | D:4      | Noticed Edmund
  9476 | D:4      | Killed Edmund the boggart
 10378 | D:8      | Reached skill level 1 in Shields
 10770 | D:10     | Entered Level 10 of the Dungeon
 10779 | D:10     | Noticed a deep elf pyromancer
 10783 | D:10     | Killed a deep elf pyromancer
 10784 | D:10     | Reached skill level 5 in Armour
 10811 | D:10     | Reached skill level 1 in Staves
 10903 | D:10     | Reached *** piety under Kikubaaqudgha
 10903 | D:10     | Received a gift from Kikubaaqudgha
 11150 | D:10     | Found a staircase to the Lair.
 11182 | D:10     | HP: 3/61 [something (9)]
 11389 | D:10     | Noticed a gargoyle
 11393 | D:10     | Noticed a gargoyle
 11554 | D:10     | Killed a gargoyle
 11555 | D:10     | Reached skill level 5 in Staves
 11633 | D:10     | HP: 3/61 [something (10)]
 12001 | Lair:1   | Entered Level 1 of the Lair of Beasts
 12019 | D:10     | Reached XP level 11. HP: 58/65 MP: 15/15
 12352 | Lair:1   | HP: 3/65 [komodo dragon (6)]
 12768 | D:10     | Reached skill level 1 in Evocations
 12850 | D:10     | Noticed Erolcha
 12864 | D:10     | Annihilated by Erolcha

Illustrated notes

Levels and vault maps discovered:
D:1:      spicycebolla_arrival_xxxplode, layout_loops_ring,
          minmay_misc_feat_secret_circle
D:2:      minmay_evil_eye, layout_basic, st_stairs_13, uniq_crazy_yiuf_cottage
D:3:      layout_loops_ring, dreamdust_ecumenical_altar_drowned_temple,
          kennysheep_generic_room_5
D:4:      minmay_angry_zag, layout_cave_pods, mainiacjoe_overflow_two_lobes,
          minmay_temple_entry_poolview, uniq_sigmund, uniq_edmund
D:5:      layout_basic
D:6:      layout_loops_ring, nicolae_hexahallways, uniq_duvessa
D:7:      layout_cave_pods, nicolae_titane
D:8:      layout_basic, hellmonk_ghost_happy_afterlife,
          nicolae_shop_overcharged_wands, uniq_pikel
D:9:      layout_cave_pods, serial_shops, kennysheep_mini, uniq_psyche
D:10:     layout_roguey, erik_lair_orcish_takeover,
          dilly_guarded_unrand_elemental_staff, uniq_erolcha
Temple:   mainiacjoe_temple_big_plus
Lair:1:   layout_cellular_growth, lemuel_fruit_tree, lemuel_fruit_fields,
          grunt_megastairs_1

Skill      XL: |  1  2  3  4  5  6  7  8  9 10 11 |
---------------+----------------------------------+-----
Polearms       | 4 5 6 7 8 10 11 14 | 14.0
Armour         | 2 3 5 |  5.1
Fighting       | 3 4 6 |  6.6
Necromancy     | 1 3 |  3.0
Shields        | 1 2 |  2.7
Staves         | 6 8 |  8.0
Evocations     | 1 |  1.1
Dodging        | |  2.7
Spellcasting   | |  2.0
Conjurations   | |  4.0

Action                     |  1- 3 |  4- 6 |  7- 9 | 10-12 || total
---------------------------+-------+-------+-------+-------++-------
  Melee: Spear             |    72 |   167 |   106 |       ||   345
         Peck              |     5 |    24 |    85 |   115 ||   229
         Kick              |     7 |    28 |   122 |   159 ||   316
         Punch             |       |       |     3 |    12 ||    15
         Trident           |       |       |   361 |   211 ||   572
         Staff             |       |       |       |   318 ||   318
  Throw: Stone             |       |     5 |     5 |     5 ||    15
   Cast: Kiss of Death     |     5 |     1 |       |       ||     6
  Evoke: Wand              |       |       |     5 |    11 ||    16
    Use: Scroll            |       |     8 |    10 |     7 ||    25
         Potion            |       |     2 |     6 |     3 ||    11
   Stab: Sleeping          |     4 |     2 |       |       ||     6
 Armour: Leather armour    |    10 |    12 |       |       ||    22
         Scale mail        |       |    38 |    76 |   171 ||   285
  Dodge: Dodged            |    26 |    50 |   129 |   166 ||   371
  Block: Other             |       |     2 |    53 |    76 ||   131
         Reflection        |       |       |     3 |     1 ||     4
         Kite shield       |       |       |       |     9 ||     9

Table legend: (Time is in decaauts)
 A = Elapsed time spent in this place.
 B = Non-inter-level travel time spent in this place.
 C = Inter-level travel time spent in this place.
 D = Time resting spent in this place.
 E = Time spent auto-exploring this place.
 F = Levels seen in this place.
 G = Mean time per level.
                   A        B        C        D        E       F      G
               +--------+--------+--------+--------+--------+-----+--------+
         Total |  11968 |  11386 |    582 |   2746 |   6426 |  12 |  997.3 |
       Dungeon |  11394 |  10898 |    496 |   2489 |   6264 |  10 | 1139.4 |
        Temple |    151 |     99 |     52 |      0 |     96 |   1 |  151.0 |
          Lair |    421 |    387 |     34 |    256 |     65 |   1 |  421.0 |
               +--------+--------+--------+--------+--------+-----+--------+

Top non-repeatable levels by time:
     D:8: 1954 daAuts
    D:10: 1520 daAuts
     D:2: 1305 daAuts
     D:4: 1283 daAuts
     D:5: 1217 daAuts
     D:6: 1130 daAuts
     D:7: 986 daAuts
     D:3: 755 daAuts
     D:1: 720 daAuts
     D:9: 520 daAuts
  Lair:1: 421 daAuts
  Temple: 151 daAuts
